 Dungeon Crawl Stone Soup version 0.30-a0-341-g682706514a (webtiles) character file.

Game seed: 6952818903104231692

567 Kinoniko the Cleaver (level 7, -8/57 HPs)
             Began as a Hill Orc Berserker on Nov 3, 2022.
             Was a Priest of Trog.
             Mangled by an ogre
             ... wielding a +0 giant club
              (11 damage)
             ... on level 5 of the Dungeon.
             The game lasted 00:04:41 (3944 turns).

Kinoniko the Cleaver (Hill Orc Berserker)           Turns: 3944, Time: 00:04:42

Health: -8/57      AC: 15    Str: 22    XL:     7   Next: 33%
Magic:  7/7        EV: 12    Int:  7    God:    Trog [***...]
Gold:   154        SH:  0    Dex: 10    Spells: 6/6 levels left

rFire   . . .      SeeInvis .    a - +0 hand axe
rCold   + . .      Faith    .    (no shield)
rNeg    . . .      Spirit   .    v - +0 chain mail
rPois   .          Reflect  .    (no helmet)
rElec   .          Harm     .    p - +1 cloak
rCorr   .          Rampage  .    l - +1 pair of gloves
Will    .....                    k - +1 pair of boots
Stlth   ..........               (no amulet)
HPRegen 0.29/turn                m - +4 ring of evasion
MPRegen 0.10/turn                q - ring of protection from cold

@: on berserk cooldown, slowed, very slow
A: no striking features
a: Renounce Religion, Berserk, Trog's Hand


You were on level 5 of the Dungeon.
You worshipped Trog.
Trog was most pleased with you.
You visited 1 branch of the dungeon, and saw 5 of its levels.

You collected 154 gold pieces.

Inventory:

Hand Weapons
 a - a +0 hand axe (weapon)
Armour
 b - a +0 animal skin
 e - a +0 scale mail
 k - a +1 pair of boots (worn)
 l - a +1 pair of gloves (worn)
 p - a +1 cloak (worn)
 v - a +0 chain mail (worn)
Jewellery
 m - a +4 ring of evasion (left hand)
 q - a ring of protection from cold (right hand)
Wands
 w - a wand of flame (1)
Scrolls
 c - a scroll of enchant weapon {unknown}
 f - a scroll of butterflies
 h - 2 scrolls of poison {unknown}
 i - a scroll of enchant armour
 o - a scroll of magic mapping {unknown}
 r - a scroll of teleportation {unknown}
 t - 2 scrolls of identify
Potions
 d - a potion of haste {unknown}
 g - 2 potions of might
 j - 3 potions of flight {unknown}
 n - 2 potions of curing {unknown}
 s - a potion of attraction {unknown}
 u - 3 potions of mutation {unknown}


   Skills:
 - Level 3.6 Fighting
 * Level 10.7 Axes
 - Level 2.1 Armour
 - Level 1.5 Dodging


You had 6 spell levels left.
You didn't know any spells.
Your spell library was empty.

Dungeon Overview and Level Annotations

Branches:
Dungeon (5/15)
 Temple: D:4-7

Altars:
Elyvilon
Makhleb
Vehumet
Zin

Annotations:
D:3 exclusion: statue


Message History

You slash the ogre!
The ogre is moderately wounded.
The ogre closely misses you.
You hit the ogre.
The ogre is moderately wounded.
The ogre closely misses you.
You hit the ogre.
The ogre is moderately wounded.
You hit the ogre.
The ogre is heavily wounded.
The ogre hits you with a +0 giant club!!
You are too injured to fight recklessly!
You are too injured to fight recklessly!
You are too injured to fight recklessly!
You are too injured to fight recklessly!
Unknown command.
You hit the ogre but do no damage.
The ogre is heavily wounded.
The ogre closely misses you.
Unknown command.
You hit the ogre but do no damage.
The ogre is heavily wounded.
The ogre closely misses you.
Unknown command.
You hit the ogre.
The ogre is heavily wounded.
The ogre barely misses you.
Unknown command.
You hit the ogre.
The ogre is heavily wounded.
Unknown command.
You hit the ogre. Your punch misses the ogre.
The ogre is severely wounded.
The ogre hits you with a +0 giant club!!
* * * LOW HITPOINT WARNING * * *
Unknown command.
You hit the ogre.
The ogre is severely wounded.
The ogre hits you with a +0 giant club!
You die...

#..... #........
......##.........#
..................
..................
#.................
.................#
#............##
.##..............
..#.####.@.......
...........O......
#..#..............
. #.#..............
.. #...............
...#...............
..................
.##....#####.....
##...###.......


You could see an ogre.

Vanquished Creatures
  Menkaure (D:5)
  A jelly (D:5)
  3 hounds
  Crazy Yiuf (D:3)
  Natasha (thrice) (D:2)
  2 orc wizards (D:4)
  4 gnolls (D:3)
  2 adders (D:5)
  5 worms
  8 orcs
  12 ball pythons
  10 endoplasms
  6 giant cockroaches
  8 goblins
  6 hobgoblins
  4 jackals (D:1)
  7 kobolds
  5 quokkas
  7 bats
  4 frilled lizards
  7 rats
106 creatures vanquished.

Notes
Turn   | Place    | Note
-------+----------+-------------------------------------------
     0 | D:1      | Kinoniko the Hill Orc Berserker began the quest for the
                  | Orb.
     0 | D:1      | Reached XP level 1. HP: 19/19 MP: 1/1
    33 | D:1      | Found a faded altar of an unknown god.
   160 | D:1      | Reached XP level 2. HP: 26/26 MP: 2/2
   225 | D:1      | Reached skill level 5 in Axes
   326 | D:1      | Reached XP level 3. HP: 31/31 MP: 3/3
   381 | D:1      | You fall into a shaft and drop 1 floor!
   389 | D:2      | Reached ** piety under Trog
   726 | D:1      | Reached skill level 6 in Axes
  1058 | D:2      | Noticed Natasha
  1072 | D:2      | Killed Natasha
  1073 | D:2      | Reached XP level 4. HP: 31/39 MP: 4/4
  1200 | D:2      | Noticed Natasha
  1209 | D:2      | Killed Natasha
  1210 | D:2      | Reached skill level 7 in Axes
  1428 | D:2      | Noticed Natasha
  1442 | D:2      | Killed Natasha
  1443 | D:2      | Reached XP level 5. HP: 8/45 MP: 5/5
  1584 | D:3      | Reached skill level 8 in Axes
  1761 | D:3      | Found a white marble altar of Elyvilon.
  1903 | D:3      | Found a radiant altar of Vehumet.
  1903 | D:3      | Noticed a frost-covered statue
  2190 | D:3      | Reached XP level 6. HP: 51/51 MP: 6/6
  2199 | D:3      | Reached *** piety under Trog
  2203 | D:3      | Found a glowing silver altar of Zin.
  2285 | D:3      | Found a runed translucent door.
  2286 | D:3      | Noticed Crazy Yiuf
  2704 | D:3      | Killed Crazy Yiuf
  2839 | D:4      | Reached skill level 9 in Axes
  3746 | D:5      | Entered Level 5 of the Dungeon
  3758 | D:5      | Found a burning altar of Makhleb.
  3814 | D:5      | Reached skill level 10 in Axes
  3814 | D:5      | Reached XP level 7. HP: 30/57 MP: 7/7
  3920 | D:5      | Noticed Menkaure
  3931 | D:5      | Killed Menkaure
  3944 | D:5      | Mangled by an ogre

Illustrated notes

Levels and vault maps discovered:
D:1:      heliophobic_arrival_ceremonial_halls, layout_loops_ring,
          shapermc_ecumenical_altar_venn
D:2:      layout_basic, uniq_natasha
D:3:      layout_loops_cross, vehumet_statue,
          mainiacjoe_overflow_surrounded_room, lemuel_round_altar,
          dk_noncrumbling_2, uniq_crazy_yiuf_cottage
D:4:      layout_gridville, kennysheep_nondescript
D:5:      layout_cave_pools, nicolae_overflow_crystal_walls,
          uniq_prince_ribbit1, uniq_duvessa, uniq_menkaure

Skill      XL: |  1  2  3  4  5  6 |
---------------+-------------------+-----
Axes           | 5 6 7 8 10 | 10.7
Fighting       | |  3.6
Armour         | |  2.1
Dodging        | |  1.5

Action                   |  1- 3 |  4- 6 |  7- 9 || total
-------------------------+-------+-------+-------++-------
Melee: Hand axe          |   137 |   195 |    18 ||   350
       Punch             |     3 |     4 |       ||     7
Invok: Berserk           |       |     4 |     1 ||     5
  Use: Scroll            |       |     4 |       ||     4
Armor: Scale mail        |    58 |    71 |       ||   129
       Animal skin       |     2 |       |       ||     2
       Chain mail        |       |     3 |     2 ||     5
Dodge: Dodged            |    75 |   109 |     7 ||   191

Table legend: (Time is in decaauts)
 A = Elapsed time spent in this place.
 B = Non-inter-level travel time spent in this place.
 C = Inter-level travel time spent in this place.
 D = Time resting spent in this place.
 E = Time spent auto-exploring this place.
 F = Levels seen in this place.
 G = Mean time per level.
                   A        B        C        D        E       F      G
               +--------+--------+--------+--------+--------+-----+--------+
         Total |   3983 |   3859 |    124 |    334 |   2827 |   5 |  796.6 |
       Dungeon |   3983 |   3859 |    124 |    334 |   2827 |   5 |  796.6 |
               +--------+--------+--------+--------+--------+-----+--------+

Top non-repeatable levels by time:
     D:3: 1328 daAuts
     D:4: 925 daAuts
     D:2: 794 daAuts
     D:1: 742 daAuts
     D:5: 191 daAuts
